 Dungeon Crawl Stone Soup version 0.29-a0-206-g4a66f2e2b5 (webtiles) character file.

Game seed: 14320434682845694467

10 Crownlay the Bolt Thrower (level 2, -1/25 HPs)
             Began as a Minotaur Hunter on Feb 24, 2022.
             Slain by a gnoll
             ... wielding a +0 flail
              (7 damage)
             ... on level 1 of the Dungeon.
             The game lasted 00:00:35 (425 turns).

Crownlay the Bolt Thrower (Minotaur Hunter)          Turns: 425, Time: 00:00:36

Health: -1/25      AC:  3    Str: 16    XL:     2   Next: 10%
Magic:  1/1        EV: 11    Int:  8    God:
Gold:   11         SH:  0    Dex: 10    Spells: 1/1 levels left

rFire   . . .      SeeInvis .   a - +1 hand crossbow
rCold   . . .      Faith    .   (no shield)
rNeg    . . .      Spirit   .   b - +0 leather armour
rPois   .          Reflect  .   (helmet restricted)
rElec   .          Harm     .   (no cloak)
rCorr   .          Rampage  .   (no gloves)
Will    .....                   (no boots)
Stlth   +.........              (no amulet)
HPRegen 0.08/turn               (no ring)
MPRegen 0.07/turn               (no ring)

@: no status effects
A: horns 2, retaliatory headbutt
a: no special abilities


You were on level 1 of the Dungeon.
You visited 1 branch of the dungeon, and saw 1 of its levels.

You collected 11 gold pieces.

Inventory:

Hand Weapons
 a - a +1 hand crossbow (weapon)
Armour
 b - a +0 leather armour (worn)
Jewellery
 c - an amulet of faith
Potions
 d - a potion of flight {unknown}


   Skills:
 + Level 2.7 Fighting
 * Level 4.7 Crossbows
 + Level 0.8 Armour
 - Level 2.1 Dodging
 - Level 0.7 Stealth


You had one spell level left.
You didn't know any spells.
Your spell library was empty.

Dungeon Overview and Level Annotations

Branches:
Dungeon (1/15)

Altars:


Innate Abilities, Weirdness & Mutations

You have a pair of horns on your head.
You reflexively headbutt those who attack you in melee.


Message History

The gnoll is moderately wounded.
You shoot a bolt.
The bolt hits the gnoll but does no damage.
The gnoll is moderately wounded.
You shoot a bolt. The bolt barely misses the gnoll.
You shoot a bolt. The bolt closely misses the gnoll.
The gnoll hits you with a +0 flail. x2
You shoot a bolt.
The bolt hits the gnoll but does no damage.
The gnoll is lightly wounded.
The gnoll hits you but does no damage.
A gnoll is nearby!
You shoot a bolt. The bolt closely misses the gnoll.
The gnoll hits you with a +0 flail.
You shoot a bolt. The bolt barely misses the gnoll.
The gnoll barely misses you.
You shoot a bolt. The bolt barely misses the gnoll.
The gnoll barely misses you. The gnoll hits you with a +0 flail!
You are too injured to fight recklessly!
You are too injured to fight recklessly!
You are too injured to fight recklessly!
You are too injured to fight recklessly!
You are too injured to fight recklessly!
You are too injured to fight recklessly!
You are too injured to fight recklessly!
You are too injured to fight recklessly!
You are too injured to fight recklessly!
Shoot: a) +1 hand crossbow
Press: ? - help, Shift-Dir - straight line, f/p - gnoll
Aim: a gnoll, wielding a +0 flail (lightly wounded, 65% to hit)
You shoot a bolt. The bolt closely misses the gnoll.
The gnoll hits you with a +0 flail.
* * * LOW HITPOINT WARNING * * *
Shoot: a) +1 hand crossbow
Press: ? - help, Shift-Dir - straight line, f/p - gnoll
Aim: a gnoll, wielding a +0 flail (lightly wounded, 65% to hit)
You shoot a bolt. The bolt hits the gnoll.
The gnoll is heavily wounded.
The gnoll hits you with a +0 flail!
You die...

### #. ... #.#
####.# # #.# #
..#.#.# #.#
#.##.#.#.# #.#
.......######.#
#.#.#........#####
#.@..............#
#g#..........###.##
#.#...######.#.....
#.#.####...#)#.#.##
#.#..........#.#.#
#.#......#...#.#.##
#.#...####...#.#...
#.###.# #...#.#...
#.# #.........


You could see a gnoll.

Vanquished Creatures
  An endoplasm (D:1)
  2 hobgoblins (D:1)
  2 frilled lizards (D:1)
  2 goblins (D:1)
  2 kobolds (D:1)
  A rat (D:1)
10 creatures vanquished.

Notes
Turn   | Place    | Note
-------+----------+-------------------------------------------
     0 | D:1      | Crownlay the Minotaur Hunter began the quest for the Orb.
     0 | D:1      | Reached XP level 1. HP: 18/18 MP: 0/0
   397 | D:1      | Reached XP level 2. HP: 25/25 MP: 1/1
   425 | D:1      | Slain by a gnoll

Illustrated notes

Levels and vault maps discovered:
D:1:      ncdulo_watergridlock, layout_basic

Action                   || total
-------------------------++-------
 Fire: Hand crossbow     ||    31
Armor: Leather armour    ||     2
Dodge: Dodged            ||     2

Table legend: (Time is in decaauts)
 A = Elapsed time spent in this place.
 B = Non-inter-level travel time spent in this place.
 C = Inter-level travel time spent in this place.
 D = Time resting spent in this place.
 E = Time spent auto-exploring this place.
 F = Levels seen in this place.
 G = Mean time per level.
                   A        B        C        D        E       F      G
               +--------+--------+--------+--------+--------+-----+--------+
         Total |    434 |    434 |      0 |      0 |    379 |   1 |  434.0 |
       Dungeon |    434 |    434 |      0 |      0 |    379 |   1 |  434.0 |
               +--------+--------+--------+--------+--------+-----+--------+

Top non-repeatable levels by time:
     D:1: 434 daAuts
